 Dungeon Crawl Stone Soup version 0.30-a0-1018-g25214051b3 (webtiles) character file.

Game seed: 14608142235459372457

1260 vineage the Fighter (level 8, -2/56 HPs)
             Began as a Gargoyle Fighter on Apr 7, 2023.
             Slain by an orc warrior
             ... wielding a +0 glaive
              (11 damage)
             ... on level 6 of the Dungeon.
             The game lasted 00:06:08 (5707 turns).

vineage the Fighter (Gargoyle Fighter)              Turns: 5707, Time: 00:06:09

Health: -2/56      AC: 15    Str: 22    XL:     8   Next: 52%
Magic:  2/2        EV:  8    Int:  7    God:
Gold:   211        SH:  6    Dex: 13    Spells: 7/7 levels left

rFire   . . .      SeeInvis .    k - +5 mace "Uklelechak" {antimagic, rElec}
rCold   . . .      Faith    .    c - +1 buckler
rNeg    + . .      Spirit   .    s - +0 chain mail
rPois   ∞          Reflect  .    (no helmet)
rElec   +          Rampage  .    (no cloak)
rCorr   .          Clarity  +    (no gloves)
Will    .....                    (no boots) Stlth
                                 (no amulet)
HPRegen 0.29/turn                (no ring)
MPRegen 0.08/turn                (no ring)

@: no status effects
A: sickness immunity, AC +5, negative energy resistance 1, electricity
resistance, torment resistance 1, petrification resistance, agile 1, clarity
a: no special abilities


You were on level 6 of the Dungeon.
You visited 1 branch of the dungeon, and saw 6 of its levels.
You also visited: Sewer.

You collected 420 gold pieces.
You spent 209 gold pieces at shops.

Inventory:

Hand Weapons
 a - a +1 flail
 k - the +5 mace "Uklelechak" (weapon) {antimagic, rElec}
   (You found it on level 2 of the Dungeon)

   rElec:     It insulates you from electricity.
Armour
 c - a +1 buckler (worn)
 s - a +0 chain mail (worn)
Jewellery
 e - a ring of resist corrosion
Wands
 b - a wand of charming (6)
 p - a wand of flame (10)
Scrolls
 h - 2 scrolls of magic mapping
 j - a scroll of poison
 o - a scroll of enchant armour
 r - a scroll of torment
 v - a scroll of identify
 w - a scroll of fog
 y - a scroll of teleportation
Potions
 d - 2 potions of might
 f - 2 potions of haste
 g - 2 potions of attraction
 i - 5 potions of lignification
 l - 2 potions of curing
 m - 2 potions of mutation
 n - a potion of brilliance
 q - a potion of degeneration {unknown}
 t - a potion of resistance {unknown}
 u - a potion of berserk rage
 x - a potion of cancellation {unknown}


   Skills:
 + Level 9.1 Fighting
 + Level 4.1 Maces & Flails
 + Level 5.1 Armour
 + Level 5.2 Shields


You had 7 spell levels left.
You didn't know any spells.
Your spell library contained the following spells:

 Spells                   Type           Power      Damage    Failure   Level
 Freeze                   Ice            0%         1d3       98%         1
 Scorch                   Fire           0%         2d5       99%         2
 Frozen Ramparts          Ice            0%         1d1       100%        3
 Hailstorm                Conj/Ice       0%         3d3       100%        3
 Portal Projectile        Hex/Tloc       0%         N/A       100%        3
 Tukima's Dance           Hex            0%         N/A       100%        3
 Flame Wave               Conj/Fire      0%         2d4       100%        4
 Blade Hands              Tmut           0%         N/A       100%        5
 Summon Cactus Giant      Summ           0%         N/A       100%        6


Dungeon Overview and Level Annotations

Branches:
Dungeon (6/15)              Sewer (visited)
 Temple: D:4-7

Altars:
Dithmenos
Uskayaw

Shops:
D:5 !


Innate Abilities, Weirdness & Mutations

You are immune to sickness and miasma.
Your stone body is resilient. (AC +5)
You are immune to poison.
You resist negative energy. (rN+)
You are resistant to electric shocks. (rElec)
You are resistant to unholy torment.
You are immune to petrification.
You are agile. (Dex +4, Str/Int -1)
You possess an exceptional clarity of mind.


Message History

You are too injured to fight recklessly!
You barely miss the ice beast.
The ice beast is severely wounded.
The orc warrior barely misses you.
The ice beast hits you but does no damage.
You hit the ice beast.
You kill the ice beast!
The orc warrior hits you from afar with a +0 glaive!
The orc warrior hits you from afar with a +0 glaive.
* * * LOW HITPOINT WARNING * * *
The orc warrior closely misses you.
You hit the orc warrior but do no damage.
The orc warrior barely misses you.
You hit the orc warrior but do no damage.
The orc warrior jeers loudly.
The orc warrior closely misses you.
You hit the orc warrior.
The orc warrior is lightly wounded.
The orc warrior hits you with a +0 glaive!
* * * LOW HITPOINT WARNING * * *
You barely miss the orc warrior.
The orc warrior is lightly wounded.
You block the orc warrior's attack.
The orc warrior hits you but does no damage.
You feel better.
The orc warrior hits you with a +0 glaive.
* * * LOW HITPOINT WARNING * * *
You hit the orc warrior.
The orc warrior is moderately wounded.
You block the orc warrior's attack.
You hit the orc warrior.
The orc warrior is moderately wounded.
The orc warrior barely misses you.
You hit the orc warrior.
The orc warrior is heavily wounded.
The orc warrior hits you but does no damage.
You sock the orc warrior!
The orc warrior is severely wounded.
The orc warrior hits you with a +0 glaive!
You die...

...#
+.....+...#.....#......#
...#
#.....#...#.....'......#
...#
#.....#...#.....#......#
...#
#.....#..##.....#....###
.....##..#......#....# #
.....#...#......+....#
................#....#
...###.###.....#....#
#..@..#.....#....#
#..o..#.....#
..............#
....#.>...#[....#
#...#.....#..#### #..
###.###.#.. #. ... ..
...


You could see an orc warrior.

Vanquished Creatures
  Prince Ribbit (D:5)
  2 ice beasts
  2 ogres (D:4)
  2 bullfrogs (Sewer)
  A gnoll bouda (D:4)
  3 orc priests
  Jessica (D:2)
  2 orc wizards (D:4)
  Robin (D:3)
  6 gnolls
  14 adders
  6 river rats (Sewer)
  A shadow imp (D:5)
  2 ufetubi (D:4)
  3 worms
  A dart slug (D:3)
  8 orcs
  2 endoplasms
  3 giant cockroaches (D:4)
  13 goblins
  7 hobgoblins
  4 quokkas
  14 ball pythons
  6 bats
  11 frilled lizards
  3 kobolds
  23 rats
142 creatures vanquished.

Vanquished Creatures (others)
  5 plants (D:3)
5 creatures vanquished.

Grand Total: 147 creatures vanquished

Notes
Turn   | Place    | Note
-------+----------+-------------------------------------------
     0 | D:1      | vineage the Gargoyle Fighter began the quest for the Orb.
     0 | D:1      | Reached XP level 1. HP: 14/14 MP: 1/1
   141 | D:1      | Reached XP level 2. HP: 17/20 MP: 2/2
   145 | D:1      | Reached skill level 4 in Fighting
   544 | D:2      | Reached XP level 3. HP: 24/24 MP: 3/3
   550 | D:2      | Identified the +5 mace "Uklelechak" {antimagic, rElec}
   649 | D:2      | Noticed Jessica
   655 | D:2      | Killed Jessica
   656 | D:2      | Reached skill level 5 in Fighting
   757 | D:2      | Reached XP level 4. HP: 31/31 MP: 1/4
  1030 | D:2      | You fall into a shaft and drop 1 floor!
  1030 | D:3      | Found a hide-covered altar of Uskayaw.
  1448 | D:3      | Noticed Robin
  1449 | D:3      | Found a shadowy altar of Dithmenos.
  1729 | D:3      | Killed Robin
  1730 | D:3      | Reached skill level 6 in Fighting
  1733 | D:3      | Reached XP level 5. HP: 35/36 MP: 1/5
  2397 | D:4      | Reached skill level 7 in Fighting
  2397 | D:4      | Reached XP level 6. HP: 20/44 MP: 2/6
  2745 | D:4      | Reached skill level 8 in Fighting
  2826 | D:4      | Noticed a black bear
  3432 | D:4      | Reached XP level 7. HP: 7/49 MP: 2/7
  3847 | D:5      | Entered Level 5 of the Dungeon
  3880 | D:5      | Found a glowing drain.
  3896 | Sewer    | Entered a sewer
  4488 | D:5      | Noticed Prince Ribbit
  4501 | D:5      | HP: 2/75 [Prince Ribbit (11)]
  4514 | D:5      | Killed Prince Ribbit
  4515 | D:5      | Reached XP level 8. HP: 10/56 MP: 2/8
  5019 | D:5      | Found Miagier's Distillery.
  5072 | D:5      | Bought a potion of mutation for 88 gold pieces
  5072 | D:5      | Bought a potion of berserk rage for 55 gold pieces
  5072 | D:5      | Bought a potion of curing for 33 gold pieces
  5072 | D:5      | Bought a potion of curing for 33 gold pieces
  5325 | D:5      | Reached skill level 5 in Shields
  5373 | D:5      | Gained mutation: You are agile. (Dex +4, Str/Int -1)
                  | [potion of mutation]
  5373 | D:5      | Gained mutation: You possess an exceptional clarity of
                  | mind. [potion of mutation]
  5526 | D:6      | Reached skill level 5 in Armour
  5535 | D:6      | Reached skill level 9 in Fighting
  5707 | D:6      | Slain by an orc warrior

Illustrated notes

Levels and vault maps discovered:
D:1:      psy_arrival_fountain, layout_basic
D:2:      layout_loops_ring, minmay_pentomino_w2, uniq_jessica
D:3:      layout_loops_ring, mainiacjoe_overflow_catwalk,
          eat_drink_and_be_merry_uskayaw, minmay_lizard_king, uniq_robin
D:4:      layout_layer_cave
D:5:      layout_rooms, serial_shops, nicolae_square_shop,
          cheibrodos_sewer_entry_bend, uniq_prince_ribbit1
D:6:      layout_gridville, st_stairs_3, nicolae_nh_ransacked_shop

Skill      XL: |  1  2  3  4  5  6  7  8 |
---------------+-------------------------+-----
Fighting       | 4 5 6 7 8 9 |  9.1
Armour         | 4 5 |  5.1
Shields        | 4 5 |  5.2
Maces & Flails | 3 4 |  4.1

Action                     |  1- 3 |  4- 6 |  7- 9 || total
---------------------------+-------+-------+-------++-------
  Melee: Flail             |    51 |       |       ||    51
         Mace              |     5 |   160 |   174 ||   339
    Use: Scroll            |       |    15 |    10 ||    25
         Potion            |       |     2 |     8 ||    10
 Armour: Scale mail        |    38 |     1 |       ||    39
         Chain mail        |       |   142 |   187 ||   329
  Dodge: Dodged            |    24 |   100 |   131 ||   255
  Block: Buckler           |    12 |    44 |    78 ||   134

Table legend: (Time is in decaauts)
 A = Elapsed time spent in this place.
 B = Non-inter-level travel time spent in this place.
 C = Inter-level travel time spent in this place.
 D = Time resting spent in this place.
 E = Time spent auto-exploring this place.
 F = Levels seen in this place.
 G = Mean time per level.
                   A        B        C        D        E       F      G
               +--------+--------+--------+--------+--------+-----+--------+
         Total |   5896 |   5599 |    297 |    934 |   3686 |   7 |  842.3 |
       Dungeon |   5269 |   4972 |    297 |    898 |   3326 |   6 |  878.2 |
         Sewer |    626 |    626 |      0 |     36 |    360 |   1 |  626.0 |
               +--------+--------+--------+--------+--------+-----+--------+

Top non-repeatable levels by time:
     D:4: 1568 daAuts
     D:3: 1168 daAuts
     D:5: 1073 daAuts
     D:2: 663 daAuts
   Sewer: 626 daAuts
     D:1: 520 daAuts
     D:6: 274 daAuts
